 Dungeon Crawl Stone Soup version 0.22.1-1-ga44c0e5 (webtiles) character file.

2047 MalarOregon the Blocker (level 9, -7/78 HPs)
             Began as a Minotaur Fighter on Sept 24, 2018.
             Was a Priest of Zin.
             Killed from afar by an electric eel (10 damage)
             ... with a bolt of electricity
             ... on level 6 of the Dungeon.
             The game lasted 00:07:24 (4684 turns).

MalarOregon the Blocker (Minotaur Fighter)          Turns: 4684, Time: 00:07:25

Health: -7/78      AC:  9    Str: 21    XL:     9   Next: 4%
Magic:  8/8        EV: 10    Int:  8    God:    Zin [***...]
Gold:   223        SH: 11    Dex: 10    Spells: 8/8 levels left

rFire    . . .     SeeInvis .   a - +2 whip (venom)
rCold    . . .     Gourm    .   c - +0 shield
rNeg     . . .     Faith    .   b - +0 scale mail
rPois    .         Spirit   .   (helmet restricted)
rElec    .         Reflect  .   n - +0 cloak
rCorr    .         Harm     .   (no gloves)
MR       .....                  (no boots)
Stlth    ..........             (no amulet)
HPRegen  0.23/turn              (no ring)
MPRegen  0.11/turn              (no ring)

@: no status effects
A: retaliatory headbutt, horns 2
a: Recite, Vitalisation, Imprison, Donate Gold, Renounce Religion


You were on level 6 of the Dungeon.
You worshipped Zin.
Zin was most pleased with you.
You were not hungry.

You visited 1 branch of the dungeon, and saw 6 of its levels.

You collected 247 gold pieces.
You donated 24 gold pieces to Zin.

Inventory:

Hand Weapons
 a - a +2 whip of venom (weapon)
   (You took it off a kobold on level 3 of the Dungeon)
Armour
 b - a +0 scale mail (worn)
 c - a +0 shield (worn)
 n - a +0 cloak (worn)
   (You found it on level 3 of the Dungeon)
Jewellery
 f - a +3 ring of protection {unknown}
   (You found it on level 1 of the Dungeon)
 l - an uncursed ring of magical power {unknown}
   (You found it on level 3 of the Dungeon)
 v - a cursed ring of teleportation {unknown}
   (You found it on level 4 of the Dungeon)
 y - an uncursed amulet of the acrobat {unknown}
   (You found it on level 5 of the Dungeon)
Wands
 t - a wand of flame (29)
   (You found it on level 3 of the Dungeon)
 x - a wand of acid (5)
   (You took it off a crimson imp on level 5 of the Dungeon)
Scrolls
 h - 2 scrolls of teleportation {unknown}
 i - a scroll of enchant armour {unknown}
 m - 2 scrolls of immolation {unknown}
 o - 2 scrolls of enchant weapon {unknown}
 s - 3 scrolls of identify {unknown}
 u - a scroll of amnesia {unknown}
Potions
 d - 5 potions of curing {unknown}
 g - a potion of lignification {unknown}
 j - a potion of brilliance {unknown}
 k - 2 potions of flight {unknown}
 p - a potion of haste {unknown}
 q - a potion of heal wounds {unknown}
 r - a potion of invisibility {unknown}
 w - a potion of mutation {unknown}
Comestibles
 e - 12 rations {!d}
 z - 8 chunks of flesh


   Skills:
 + Level 6.5 Fighting
 * Level 7.9 Maces & Flails
 + Level 6.4 Armour
 + Level 4.6 Dodging
 * Level 8.5 Shields


You had 8 spell levels left.
You didn't know any spells.
Your spell library contained the following spells:

 Spells                   Type           Power        Failure   Level  Hunger
 Animate Skeleton         Necr           N/A          94%         1    ##.....
 Apportation              Tloc           #.....       94%         1    ##.....
 Confusing Touch          Hex            #.....       94%         1    ##.....
 Summon Small Mammal      Summ           #...         94%         1    ##.....


Dungeon Overview and Level Annotations

Branches:
Dungeon (6/15)             Temple (0/1) D:6

Altars:
Ashenzari
Fedhas
Gozag
Okawaru
Sif Muna
Uskayaw
Vehumet
Xom
Zin
The Shining One

Shops:
D:4 (*


Innate Abilities, Weirdness & Mutations

You reflexively headbutt those who attack you in melee.
You have a pair of horns on your head.


Message History

Found a scroll labeled HAUT BIUGUA.
The electric eel shoots out a bolt of lightning at you!
The bolt of electricity misses you.
You hear a shout!
An orc and an orc warrior come into view.
The orc warrior shouts!
The orc shouts!
You hear a shout!
You clear your throat and prepare to recite. "Damned, damned be the squalid dregs and..."
You hear a shout!
A centaur comes into view.
An orc wizard and an electric eel come into view. "...all else who abandon hygiene!
Let them..."
The orc wizard shouts!
The orc wizard hits the plant with a dagger.
The electric eel shoots out a bolt of lightning at you!
The bolt of electricity hits you! x2
The bolt of electricity hits the electric eel.
The electric eel completely resists.
You hit the electric eel but do no damage.
The electric eel is poisoned.
Your headbutt misses the electric eel.
The centaur wields a shortbow.
The centaur shoots an arrow.
The arrow closely misses you.
The orc wizard gestures wildly while chanting.
The orc wizard flickers and vanishes!
Deactivating autopickup; reactivate with Ctrl-A.
You whack the electric eel! "...be struck down by the jurisprudence of Zin!"
You finish reciting Abominations 8:66.
You hear a shout!
The electric eel shoots out a bolt of lightning at you!
The bolt of electricity hits you! x2
The bolt of electricity hits the electric eel.
The electric eel completely resists.
The electric eel shoots out a bolt of lightning at you!
The bolt of electricity hits the plant.
The bolt of electricity hits you!
* * * LOW HITPOINT WARNING * * *
Your scale mail prevents you from hitting the electric eel.
Your headbutt misses the electric eel.
The electric eel shoots out a bolt of lightning at you!
The bolt of electricity hits you!
* * * LOW HITPOINT WARNING * * *
The bolt of electricity hits you!
* * * LOW HITPOINT WARNING * * *
The bolt of electricity hits the electric eel.
The electric eel completely resists.
Aim: an electric eel (severely wounded, poisoned)
You fail to use your ability.
The electric eel shoots out a bolt of lightning at you!
The bolt of electricity hits you!
You die...

#'###.#.....<..#.#
#≈
#..##.##########.#
#≈ ##>........ ..(
#≈≈ #...##.....
... #≈≈≈#...# ..#.
### #≈≈≈#≈..# .#.#
# .#≈≈≈≈≈..##.#.#.
# ..≈≈P...%.c..#.>
# .≈≈≈P(.@.#..#.#
.≈≈≈≈.;o.##.?#.
..≈≈≈≈≈..# ...#
..≈≈≈≈≈..# ...
..P≈≈≈≈..# ##
..≈≈;PP..#
.P{≈≈≈...#
..o≈≈≈...#


You could see an orc warrior, a centaur, 2 electric eels and an orc.

Vanquished Creatures
  Sigmund (D:2)
  Eustachio (D:4)
  A hungry ghost (D:6)
  A water moccasin (D:5)
  2 sky beasts
  5 ogres
  A phantom (D:5)
  Blork the orc (D:6)
  A scorpion (D:5)
  A water moccasin skeleton (D:5)
  A howler monkey (D:4)
  5 crimson imps (D:5)
  A centaur skeleton (D:4)
  An orc priest (D:5)
  A hound (D:4)
  2 orc wizards (D:4)
  An iguana (D:5)
  A killer bee zombie (D:6)
  A hound zombie (D:5)
  A worker ant zombie (D:5)
  A gnoll (D:1)
  8 adders
  2 shadow imps
  An adder skeleton (D:6)
  3 worms
  3 dart slugs (D:1)
  A leopard gecko (D:5)
  18 orcs
  A ball python (D:1)
  12 giant cockroaches
  18 goblins
  10 hobgoblins
  5 jackals
  4 quokkas
  7 bats
  A jackal zombie (D:5)
  13 kobolds
  A leopard gecko skeleton (D:5)
  7 rats
146 creatures vanquished.

Notes
Turn   | Place    | Note
-------+----------+-------------------------------------------
     0 | D:1      | MalarOregon the Minotaur Fighter began the quest for the
                  | Orb.
     0 | D:1      | Reached XP level 1. HP: 19/19 MP: 0/0
   152 | D:1      | Reached XP level 2. HP: 19/27 MP: 1/1
   182 | D:1      | Reached skill level 4 in Shields
   598 | D:1      | Reached XP level 3. HP: 33/33 MP: 2/2
   721 | D:1      | Reached skill level 1 in Dodging
   925 | D:2      | Noticed Sigmund
   935 | D:2      | Killed Sigmund
   935 | D:2      | Reached skill level 5 in Shields
   935 | D:2      | Reached XP level 4. HP: 19/41 MP: 3/3
   935 | D:2      | Reached XP level 5. HP: 22/47 MP: 4/4
  1494 | D:3      | Reached XP level 6. HP: 51/53 MP: 5/5
  1803 | D:3      | Found a glowing silver altar of Zin.
  2073 | D:3      | Became a worshipper of Zin the Law-Giver
  2170 | D:4      | Found Joun's Antique Weapon Boutique.
  2184 | D:4      | Found Ceryih's Elemental Accessories.
  2203 | D:4      | Reached * piety under Zin
  2618 | D:4      | Reached skill level 5 in Maces & Flails
  2646 | D:4      | Reached skill level 5 in Fighting
  2646 | D:4      | Reached skill level 6 in Shields
  2646 | D:4      | Reached XP level 7. HP: 45/61 MP: 6/6
  2748 | D:4      | Reached skill level 5 in Armour
  2965 | D:4      | Reached ** piety under Zin
  3108 | D:4      | Found a shattered altar of Ashenzari.
  3191 | D:4      | Noticed Eustachio
  3203 | D:4      | Killed Eustachio
  3284 | D:5      | Entered Level 5 of the Dungeon
  3320 | D:4      | Reached skill level 7 in Shields
  3320 | D:4      | Reached XP level 8. HP: 12/69 MP: 7/7
  3783 | D:5      | Reached *** piety under Zin
  4135 | D:5      | Reached skill level 8 in Shields
  4241 | D:5      | Found a deep blue altar of Sif Muna.
  4395 | D:5      | Found an iron altar of Okawaru.
  4487 | D:6      | Found a blossoming altar of Fedhas.
  4487 | D:6      | Found a radiant altar of Vehumet.
  4487 | D:6      | Found a glowing golden altar of the Shining One.
  4488 | D:6      | Found a hide-covered altar of Uskayaw.
  4540 | D:6      | Found an opulent altar of Gozag.
  4590 | D:6      | Noticed Blork the orc
  4600 | D:6      | Reached XP level 9. HP: 71/78 MP: 8/8
  4611 | D:6      | Killed Blork the orc
  4655 | D:6      | Found a shimmering altar of Xom.
  4672 | D:6      | Found a staircase to the Ecumenical Temple.
  4683 | D:6      | HP: 3/78 [electric eel/bolt of electricity (16)]
  4684 | D:6      | Killed from afar by an electric eel

Skill      XL: |  1  2  3  4  5  6  7  8 |
---------------+-------------------------+-----
Maces & Flails | 3 4 5 6 7 |  7.9
Shields        | 4 5 6 7 8 |  8.5
Dodging        | 1 2 3 4 |  4.6
Fighting       | 4 5 6 |  6.5
Armour         | 4 5 6 |  6.4

Action                   |  1- 3 |  4- 6 |  7- 9 || total
-------------------------+-------+-------+-------++-------
Melee: Flail             |    57 |       |       ||    57
       Headbutt          |     9 |    23 |    40 ||    72
       Whip              |    16 |   161 |   251 ||   428
Invok: Recite            |       |       |     6 ||     6
  Use: Potion            |     1 |       |       ||     1
 Stab: Confused          |       |       |     1 ||     1
  Eat: Chunk             |       |     6 |     1 ||     7
       Ration            |       |       |     2 ||     2
Armor: Scale mail        |    24 |    50 |    66 ||   140
Dodge: Dodged            |    26 |    50 |    56 ||   132
Block: Shield            |    44 |    91 |    94 ||   229
